 Dungeon Crawl Stone Soup version 0.30-a0-756-gc2185399d4 (webtiles) character file.

Game seed: 1849247708748844289

3251 Dirtsage the Carver (level 9, -3/68 HPs)
             Began as a Merfolk Gladiator on Feb 9, 2023.
             Was an Initiate of Wu Jian.
             Slain by an orc knight
             ... wielding a +0 halberd
              (25 damage)
             ... in a bailey.
             The game lasted 00:18:53 (7852 turns).

Dirtsage the Carver (Merfolk Gladiator)             Turns: 7852, Time: 00:18:53

Health: -3/68      AC: 11    Str: 14    XL:     9   Next: 99%
Magic:  9/9        EV: 16    Int:  7    God:    Wu Jian [......]
Gold:   566        SH:  0    Dex: 20    Spells: 8/8 levels left

rFire   . . .      SeeInvis .    a - +0 long sword
rCold   + . .      Faith    .    (no shield)
rNeg    . . .      Spirit   .    b - +0 leather armour
rPois   .          Reflect  .    c - +0 helmet
rElec   .          Harm     .    p - +0 cloak
rCorr   .          Rampage  .    y - +0 pair of gloves
Will    +....                    O - +0 pair of boots
Stlth   +                        (no amulet)
HPRegen 0.31/turn                i - ring of willpower
MPRegen 0.11/turn                t - +4 ring of protection

@: no status effects
A: (nimble swimmer 2), mertail, cold resistance 1
a: Renounce Religion


You were in a bailey.
You worshipped Wu Jian.
Wu Jian was noncommittal.
You visited 2 branches of the dungeon, and saw 8 of its levels.
You also visited: Bailey.

You collected 566 gold pieces.

Inventory:

Hand Weapons
 a - a +0 long sword (weapon)
 r - a +4 short sword
Missiles
 e - 5 javelins
 L - a throwing net (quivered)
Armour
 b - a +0 leather armour (worn)
 c - a +0 helmet (worn)
 p - a +0 cloak (worn)
 y - a +0 pair of gloves (worn)
 O - a +0 pair of boots (worn)
Jewellery
 i - a ring of willpower (left hand)
 t - a +4 ring of protection (right hand)
 v - a ring of ice
 w - a ring of willpower
 H - a +6 ring of strength
 N - a ring of positive energy
Wands
 x - a wand of flame (9)
 D - a wand of digging (4)
 J - a wand of iceblast (1)
 M - a wand of charming (8)
Scrolls
 f - a scroll of fog {unknown}
 g - a scroll of poison
 h - 2 scrolls of teleportation {unknown}
 j - 2 scrolls of enchant weapon {unknown}
 k - a scroll of magic mapping {unknown}
 n - a scroll of vulnerability {unknown}
 s - 3 scrolls of identify {unknown}
 C - a scroll of enchant armour {unknown}
 E - a scroll of acquirement {unknown}
 G - a scroll of immolation {unknown}
 I - 2 scrolls of noise {unknown}
 K - a scroll of brand weapon {unknown}
Potions
 d - a potion of might
 l - a potion of heal wounds
 m - 2 potions of flight
 o - 3 potions of brilliance
 q - 6 potions of curing
 u - a potion of degeneration {unknown}
 z - 2 potions of haste {unknown}
 A - 3 potions of magic {unknown}
 B - 2 potions of lignification
 F - 2 potions of invisibility
 P - a potion of cancellation {unknown}


   Skills:
 + Level 5.0 Fighting
 * Level 14.0 Long Blades
 - Level 2.0 Throwing
 + Level 6.8 Dodging
 + Level 4.0 Evocations


You had 8 spell levels left.
You didn't know any spells.
Your spell library contained the following spells:

 Spells                   Type           Power      Damage    Failure   Level
 Sting                    Tmut/Pois      0%         1d3       52%         1
 Poisonous Vapours        Pois/Air       0%         N/A       65%         2
 Call Canine Familiar     Summ           0%         N/A       87%         3
 Ozocubu's Armour         Ice            0%         N/A       87%         3
 Portal Projectile        Hex/Tloc       0%         N/A       87%         3
 Leda's Liquefaction      Hex/Erth       0%         N/A       99%         4
 Olgreb's Toxic Radiance  Pois           0%         N/A       99%         4
 Ozocubu's Refrigeration  Ice            0%         4d7       100%        7


Dungeon Overview and Level Annotations

Branches:
Dungeon (7/15)             Temple (1/1) D:7          Bailey (1/1)

Altars:
Dithmenos
Gozag
Hepliaklqana
Qazlal
Trog
Vehumet
Wu Jian

Shops:
D:2 [   D:4 !


Innate Abilities, Weirdness & Mutations

((You are very nimble when in or above water. (Stealth+, EV+, Speed+++)))
Your lower body shifts to a powerful aquatic tail in water.
Your flesh is cold resistant. (rC+)


Message History

The orc knight is engulfed in poison gas.
The orc knight is poisoned.
The orc knight roars a battlecry!
The orcs go into a battle-frenzy!
The orc knight is engulfed in poison gas.
The orc knight looks as sick as possible!
The orc knight misses you.
Really read the scroll of poison?
The air fills with toxic fumes!
As you read the scroll of poison, it crumbles to dust.
The orc knight is engulfed in poison gas.
The orc knight looks even sicker.
The orc knight is engulfed in poison gas.
The orc knight looks as sick as possible!
The orc knight completely misses you.
The orc knight is engulfed in poison gas.
The orc knight looks even sicker.
The orc knight is engulfed in poison gas.
The orc knight looks as sick as possible!
The orc knight hits you from afar with a +0 halberd.
You take 1 damage, and have 67/68 hp.
The orc knight is engulfed in poison gas.
The orc knight looks as sick as possible!
The orc knight hits you but does no damage.
The orc knight is engulfed in poison gas.
The orc knight looks as sick as possible!
The orc knight hits you from afar with a +0 halberd!
You take 14 damage, and have 53/68 hp.
MASSIVE DAMAGE!!
The orc knight is engulfed in poison gas.
The orc knight looks as sick as possible!
The orc knight closely misses you.
The orc knight looks as sick as possible!
The orc knight closely misses you.
The orc knight is engulfed in poison gas.
The orc knight looks as sick as possible!
The orc knight hits you from afar with a +0 bardiche!!
The orc knight is engulfed in poison gas.
The orc knight looks as sick as possible!
The orc knight hits you from afar with a +0 halberd!!
You die...

##☼§§§°##
#○.§.○.○#
#.○oooo.#
#§oooo○○#
#☼§#o#☼○#
#§o○☼o☼☼#
#☼§§.○#
##☼@§##
#§§☼§.#
#°§☼○.#
#°.§°.#
#☼○.☼°#
#○§§○☼#
##☼§☼##
##§☼☼○.##
#.......#


You could see 2 orc knights and 9 orcs.

Vanquished Creatures
  Grinder (D:5)
  A wraith (D:5)
  Eustachio (D:6)
  Menkaure (D:6)
  A water moccasin (D:7)
  7 orc warriors
  5 black bears
  3 centaurs
  A phantom (D:6)
  2 bullfrogs (D:7)
  A necrophage (D:5)
  3 scorpions
  A howler monkey (D:7)
  2 jellies
  A gnoll bouda (D:4)
  A hound (D:6)
  An orc priest (D:5)
  4 iguanas
  Jessica (D:3)
  4 orc wizards (D:3)
  8 gnolls (D:4)
  10 adders
  A shadow imp (D:5)
  2 ufetubi
  6 worms
  A dart slug (D:1)
  25 orcs
  2 ball pythons
  9 endoplasms
  3 giant cockroaches
  5 goblins
  11 hobgoblins
  15 jackals
  4 kobolds
  4 quokkas
  4 bats (D:1)
  4 frilled lizards
  2 rats
158 creatures vanquished.

Vanquished Creatures (others)
  An endoplasm (D:3)
1 creature vanquished.

Grand Total: 159 creatures vanquished

Notes
Turn   | Place    | Note
-------+----------+-------------------------------------------
     0 | D:1      | Dirtsage the Merfolk Gladiator began the quest for the Orb.
     0 | D:1      | Reached XP level 1. HP: 16/16 MP: 1/1
   239 | D:1      | Reached skill level 4 in Long Blades
   246 | D:1      | Reached XP level 2. HP: 12/22 MP: 2/2
   932 | D:2      | Reached skill level 5 in Long Blades
   932 | D:2      | Reached XP level 3. HP: 23/27 MP: 3/3
  1198 | D:2      | Reached XP level 4. HP: 18/33 MP: 4/4
  1292 | D:2      | Reached skill level 6 in Long Blades
  1652 | D:2      | Found Weishrij's Antique Armour Shop.
  2170 | D:3      | Reached XP level 5. HP: 17/38 MP: 5/5
  2173 | D:3      | Reached skill level 7 in Long Blades
  2338 | D:3      | Identified the +1 trident of Success {freeze, Drain Fly
                  | Str+6 Int+3}
  2364 | D:3      | Found a bloodstained altar of Trog.
  2450 | D:3      | Reached XP level 6. HP: 9/44 MP: 6/6
  2635 | D:3      | Reached skill level 8 in Long Blades
  2953 | D:3      | Found a faded altar of an unknown god.
  3077 | D:3      | Noticed Jessica
  3084 | D:3      | Killed Jessica
  3138 | D:3      | Found a stormy altar of Qazlal.
  3372 | D:4      | Reached skill level 9 in Long Blades
  3430 | D:4      | Noticed a black bear
  3439 | D:4      | Killed a black bear
  3440 | D:4      | Reached XP level 7. HP: 50/50 MP: 7/7
  3441 | D:4      | Found Ceonayni's Distillery.
  3928 | D:4      | Reached skill level 10 in Long Blades
  4574 | D:5      | Entered Level 5 of the Dungeon
  4695 | D:5      | Noticed Grinder
  4704 | D:5      | Reached skill level 11 in Long Blades
  4704 | D:5      | Reached XP level 8. HP: 52/56 MP: 8/8
  4728 | D:5      | Killed Grinder
  4764 | D:5      | Noticed a wraith
  4782 | D:5      | Killed a wraith
  4783 | D:5      | Reached skill level 12 in Long Blades
  4941 | D:5      | Found a radiant altar of Vehumet.
  5141 | D:6      | Noticed Eustachio
  5453 | D:6      | Killed Eustachio
  5454 | D:6      | Reached skill level 1 in Evocations
  5709 | D:6      | Found an opulent altar of Gozag.
  5990 | D:6      | Reached skill level 5 in Dodging
  5990 | D:6      | Reached XP level 9. HP: 62/64 MP: 9/9
  6063 | D:6      | Found a hazy altar of Hepliaklqana.
  6155 | D:7      | Reached skill level 13 in Long Blades
  6213 | D:7      | Found a staircase to the Ecumenical Temple.
  6222 | Temple   | Entered the Ecumenical Temple
  6259 | Temple   | Became a worshipper of the Wu Jian Council
  6699 | D:7      | Noticed Menkaure
  6744 | D:6      | Killed Menkaure
  6855 | D:7      | Found a flagged portal.
  6864 | Bailey   | Entered a bailey
  7272 | Bailey   | Gained mutation: Your flesh is cold resistant. (rC+)
                  | [potion of mutation]
  7282 | Bailey   | Reached * piety under Wu Jian
  7283 | Bailey   | Reached skill level 5 in Fighting
  7283 | Bailey   | Reached skill level 14 in Long Blades
  7840 | Bailey   | Noticed an orc knight
  7840 | Bailey   | Noticed an orc knight
  7852 | Bailey   | Slain by an orc knight

Illustrated notes

Levels and vault maps discovered:
D:1:      onia_arrival_pyramid, layout_loops_corners
D:2:      layout_loops_ring, serial_shops, nicolae_shop_statue_plus,
          nrook_uturn, nicolae_wormholes
D:3:      layout_loops_ring, trog_book, nicolae_qazlal_scattered_showers,
          shapermc_ecumenical_altar_pompeii, uniq_jessica
D:4:      layout_loops_corners, amcnicky_mini_corridor_feature,
          grunt_decor_one_mirror, nicolae_stop_n_shop_2
D:5:      layout_rooms, nicolae_vehumet_altar_sigil, serial_curves,
          eino_curves_01, eino_curves_04, uniq_grinder
D:6:      layout_basic, worldfamousw_hep_ancestral_shrine,
          mainiacjoe_overflow_alcove_2, uniq_eustachio
D:7:      hangedman_cross_stitches, layout_basic, kennysheep_mini,
          mainiacjoe_overflow_cross_hatched,
          mainiacjoe_overflow_large_starburst, minmay_temple_entry_waves,
          enter_bailey_2, uniq_menkaure, uniq_prince_ribbit1
Temple:   hellmonk_temple_beads
Bailey:   bailey_polearm_5, bailey

Skill      XL: |  1  2  3  4  5  6  7  8  9 |
---------------+----------------------------+-----
Long Blades    | 4 5 6 7 9 11 12 14 | 14.0
Evocations     | 2 4 |  4.0
Fighting       | 3 5 |  5.0
Dodging        | 5 6 |  6.8
Throwing       | |  2.0

Action                     |  1- 3 |  4- 6 |  7- 9 || total
---------------------------+-------+-------+-------++-------
  Melee: Long sword        |   109 |   241 |   418 ||   768
         Punch             |     1 |     3 |     7 ||    11
  Throw: Throwing net      |       |     1 |     2 ||     3
Ability: Lunge             |       |       |     9 ||     9
  Evoke: Wand              |       |       |     1 ||     1
    Use: Potion            |       |     4 |     9 ||    13
         Scroll            |       |       |     4 ||     4
   Stab: Sleeping          |       |     1 |       ||     1
         Held in net/web   |       |       |     1 ||     1
         Invisible         |       |       |     9 ||     9
 Armour: Leather armour    |    31 |    71 |   146 ||   248
         Skin              |       |       |    24 ||    24
  Dodge: Dodged            |    80 |   146 |   383 ||   609

Table legend: (Time is in decaauts)
 A = Elapsed time spent in this place.
 B = Non-inter-level travel time spent in this place.
 C = Inter-level travel time spent in this place.
 D = Time resting spent in this place.
 E = Time spent auto-exploring this place.
 F = Levels seen in this place.
 G = Mean time per level.
                   A        B        C        D        E       F      G
               +--------+--------+--------+--------+--------+-----+--------+
         Total |   7790 |   7612 |    178 |   1247 |   4936 |   9 |  865.6 |
       Dungeon |   6767 |   6603 |    164 |    412 |   4876 |   7 |  966.7 |
        Temple |     52 |     38 |     14 |      0 |     17 |   1 |   52.0 |
        Bailey |    970 |    970 |      0 |    835 |     43 |   1 |  970.0 |
               +--------+--------+--------+--------+--------+-----+--------+

Top non-repeatable levels by time:
     D:4: 1273 daAuts
     D:3: 1243 daAuts
     D:2: 1147 daAuts
  Bailey: 970 daAuts
     D:1: 924 daAuts
     D:5: 782 daAuts
     D:6: 781 daAuts
     D:7: 615 daAuts
  Temple: 52 daAuts
